 Dungeon Crawl Stone Soup version 0.27.1-4-g1640c2035a (webtiles) character file.

Game seed: 13871928415931353588

31 Stomo444 the Skirmisher (level 3, 0/33 HPs)
             Began as a Draconian Monk on Nov 10, 2021.
             Was a Priest of Wu Jian.
             Killed from afar by an orc wizard (6 damage)
             ... with a magic dart
             ... on level 3 of the Dungeon.
             The game lasted 00:01:03 (2022 turns).

Stomo444 the Skirmisher (Draconian Monk)            Turns: 2022, Time: 00:01:06

Health: 0/33       AC:  5    Str: 14    XL:     3   Next: 7%
Magic:  3/3        EV: 13    Int: 10    God:    Wu Jian [***...]
Gold:   85         SH:  0    Dex: 13    Spells: 2/2 levels left

rFire    . . .     SeeInvis .   a - +0 mace
rCold    . . .     Faith    .   (no shield)
rNeg     . . .     Spirit   .   (armour unavailable)
rPois    .         Reflect  .   (helmet restricted)
rElec    .         Harm     .   (no cloak)
rCorr    .         Rampage  .   (no gloves)
Will     .....                  (no boots)
Stlth    +.........             (no amulet)
HPRegen  0.11/turn              (no ring)
MPRegen  0.08/turn              (no ring)

@: confused
A: AC +5, unfitting armour, cold-blooded
a: Renounce Religion, Wall Jump, Serpent's Lash


You were on level 3 of the Dungeon.
You worshipped Wu Jian.
Wu Jian was most pleased with you.
You visited 1 branch of the dungeon, and saw 3 of its levels.

You collected 85 gold pieces.

Inventory:

Hand Weapons
 a - a +0 mace (weapon)
Scrolls
 d - a scroll of enchant armour {unknown}
 f - 2 scrolls of teleportation {unknown}
 h - a scroll of magic mapping {unknown}
 i - a scroll of summoning {unknown}
 j - a scroll of amnesia {unknown}
 k - a scroll of noise {unknown}
Potions
 b - a potion of might {unknown}
 c - a potion of lignification {unknown}
 e - 2 potions of ambrosia {unknown}
 g - a potion of curing {unknown}


   Skills:
 + Level 3.8 Fighting
 + Level 3.4 Maces & Flails
 + Level 3.1 Dodging
 - Level 1.7 Stealth


You had 2 spell levels left.
You didn't know any spells.
Your spell library was empty.

Dungeon Overview and Level Annotations

Branches:
Dungeon (3/15)

Altars:
Wu Jian
The Shining One

Shops:
D:2 !


Innate Abilities, Weirdness & Mutations

Your plain brown scales are hard. (AC +5)
You cannot fit into any form of body armour.
You are cold-blooded and may be slowed by cold attacks.


Message History

Deactivating autopickup; reactivate with Ctrl-A.
An orc comes into view. It is wielding a +0 whip.
The orc priest casts a cantrip, but nothing happens.
You lunge at the orc priest.
You closely miss the orc priest. The orc priest hits you with a +0 whip.
Something hits you but does no damage.
You closely miss the orc priest.
Your tail-slap misses the orc priest.
The orc priest hits you but does no damage.
An orc wizard comes into view. It is wielding a +0 dagger.
Something hits you but does no damage.
You barely miss the orc priest. The orc priest barely misses you.
Something hits you but does no damage.
You hit the orc priest but do no damage.
The orc priest hits you with a +0 whip. Something hits you.
The orc priest miscasts a cantrip.
Something hits you.
You barely miss the orc priest.
Your tail-slap misses the orc priest.
The orc priest invokes the aid of Beogh against you.
Beogh smites you! Something hits you.
You are too injured to fight recklessly!
You are too injured to fight recklessly!
You are too injured to fight recklessly!
You are too injured to fight recklessly!
You are too injured to fight recklessly!
You are too injured to fight recklessly!
You are too injured to fight recklessly!
Unknown command.
You spin and attack the orc priest.
You hit the orc priest but do no damage.
The orc priest invokes the aid of Beogh against you.
You barely resist.
You hear some strange, mumbled words.
You are confused.
The orc priest miscasts a cantrip.
You bump into the rock wall.
The orc priest mumbles some strange prayers to Beogh against you.
Pain shoots through your body!
* * * LOW HITPOINT WARNING * * *
A magic dart appears from out of thin air!
The magic dart hits you.
You die...

...###..## ..##
##..## .##
##..## ##..
+#..############
#....
##...##.......##
..._.
###.....o......
.....
#.....{o##.#.##
#.... #..##.##.#
#..##..##@# #..#
#.###.# ..# #.
#.. .# #. #.##
.. #.# #.# #..
#.#


You could see an orc priest and an orc wizard.

Vanquished Creatures
  An adder (D:2)
  A ball python (D:1)
  A bat (D:2)
  2 endoplasms
  A giant cockroach (D:1)
  A goblin (D:2)
  A hobgoblin (D:1)
  4 jackals (D:3)
  2 quokkas (D:2)
  2 frilled lizards
  2 kobolds (D:1)
  A rat (D:2)
19 creatures vanquished.

Notes
Turn   | Place    | Note
-------+----------+-------------------------------------------
     0 | D:1      | Stomo444 the Draconian Monk began the quest for the Orb.
     0 | D:1      | Reached XP level 1. HP: 19/19 MP: 1/1
     6 | D:1      | Noticed a servant of whispers
     6 | D:1      | Noticed an iguana
     7 | D:1      | Noticed a fire giant
   770 | D:1      | Found a faded altar of an unknown god.
   781 | D:1      | Became a worshipper of the Wu Jian Council
   781 | D:1      | Reached * piety under Wu Jian
   781 | D:1      | Reached ** piety under Wu Jian
  1009 | D:2      | Reached XP level 2. HP: 26/26 MP: 2/2
  1131 | D:2      | Reached *** piety under Wu Jian
  1423 | D:2      | Found Ihufizil's Distillery.
  1819 | D:3      | Reached XP level 3. HP: 24/33 MP: 3/3
  1985 | D:3      | Found a glowing golden altar of the Shining One.
  2022 | D:3      | Killed from afar by an orc wizard

Illustrated notes

Levels and vault maps discovered:
D:1:      onia_arrival_zoo_common, layout_loops_corners,
          ebering_ecumenical_altar_box, serial_bayou, serial_bayou_ford_a,
          serial_bayou_pond_a, serial_bayou_pond_e, serial_bayou_crossing,
          wander_ebering_terrifying_dragon_lair
D:2:      layout_loops_ring, serial_shops, shop, kennysheep_nub,
          grunt_decor_arrowhead
D:3:      layout_rooms, mainiacjoe_overflow_surrounded_room,
          nicolae_dithmenos_through_a_glass_darkly, tso_metal_star,
          nrook_campfire, minmay_diced_spiral

Skill      XL: |  1  2 |
---------------+-------+-----
Dodging        | 3 |  3.1
Fighting       | |  3.8
Maces & Flails | |  3.4
Stealth        | |  1.7

Action                   || total
-------------------------++-------
Melee: Mace              ||    61
       Tailslap          ||     7
Invok: Lunge             ||     8
       Whirlwind         ||     1
 Stab: Sleeping          ||     5
Armor: Skin              ||    17
Dodge: Dodged            ||    33
